 Dungeon Crawl Stone Soup version 0.21-a0-401-g0b6bec4 (webtiles) character file.

39 tilp the Skirmisher (level 3, -1/34 HPs)
             Began as a Hill Orc Fighter on Oct 23, 2017.
             Slain by Natasha (2 damage)
             ... on level 2 of the Dungeon.
             The game lasted 00:02:21 (958 turns).

tilp the Skirmisher (Hill Orc Fighter)               Turns: 958, Time: 00:02:21

Health: -1/34      AC:  6    Str: 19    XL:     3   Next: 47%
Magic:  3/3        EV:  7    Int:  8    God:
Gold:   79         SH:  9    Dex: 10    Spells: 2/2 levels left

rFire    . . .     SeeInvis .   a - +0 war axe
rCold    . . .     Gourm    .   c - +0 shield
rNeg     . . .     Faith    .   b - +0 scale mail
rPois    .         Spirit   .   (no helmet)
rElec    .         Reflect  .   (no cloak)
rCorr    .         Harm     .   (no gloves)
MR       .....                  (no boots)
Stlth    ..........             (no amulet)
HPRegen  0.11/turn              (no ring)
MPRegen  0.08/turn              (no ring)

@: no status effects
A: no striking features
a: no special abilities


You were on level 2 of the Dungeon.
You were not hungry.

You visited 1 branch of the dungeon, and saw 2 of its levels.

You collected 79 gold pieces.

Inventory:

Hand Weapons
 a - a +0 war axe (weapon)
Missiles
 l - 55 stones
 m - 3 javelins (quivered)
Armour
 b - a +0 scale mail (worn)
 c - a +0 shield (worn)
Jewellery
 h - an uncursed amulet of faith {unknown}
Scrolls
 e - a scroll of fog {unknown}
 i - 2 scrolls of identify {unknown}
 j - a scroll of remove curse {unknown}
 p - a scroll of teleportation {unknown}
Potions
 d - a potion of might
 n - a potion of mutation {unknown}
 o - a potion of lignification {unknown}
Comestibles
 f - 4 bread rations
 g - 3 chunks of flesh
 k - 4 fruits


   Skills:
 + Level 4.5 Fighting
 + Level 4.0 Axes
 - Level 3.2 Armour
 - Level 3.2 Shields


You had 2 spell levels left.
You didn't know any spells.

Dungeon Overview and Level Annotations

Branches:
Dungeon (2/15)

Altars:

Annotations:
D:2 Natasha


Message History

Natasha stares at you and mumbles some strange words.
You resist with significant effort. The crimson imp barely misses you.
Natasha mewls in sadness.
Natasha casts a spell at you. The magic dart hits you!
* * * LOW HITPOINT WARNING * * *
The worm barely misses you.
You closely miss Natasha.
Natasha is severely wounded.
You hit the crimson imp. You barely miss the worm.
You block the crimson imp's attack. Natasha claws you.
* * * LOW HITPOINT WARNING * * *
Unknown command.
You closely miss Natasha.
Natasha is severely wounded.
You barely miss the worm. You closely miss the crimson imp.
The crimson imp hits you.
* * * LOW HITPOINT WARNING * * *
Natasha claws you.
You die...

#....# ##..#
#...### #h5!..#
##..##.# ##w..# ...
# ########...##
#...
#.##....<##..##
..## #...>....@#..#
... ##......5wh.##
##
#....)......#####..
#.................#
#.............#####
#.........###...#
##.......## ##....
<........ ####
#.........#


You could see a worm, Natasha and a crimson imp.

Vanquished Creatures
  A worm (D:2)
  2 dart slugs (D:1)
  A leopard gecko (D:1)
  2 giant cockroaches (D:1)
  5 goblins (D:1)
  4 hobgoblins (D:1)
  8 bats
  A frilled lizard (D:1)
  5 kobolds (D:1)
  3 rats (D:1)
32 creatures vanquished.

Notes
Turn   | Place    | Note
-------+----------+-------------------------------------------
     0 | D:1      | tilp the Hill Orc Fighter began the quest for the Orb.
     0 | D:1      | Reached XP level 1. HP: 19/19 MP: 1/1
   108 | D:1      | Reached XP level 2. HP: 24/27 MP: 2/2
   458 | D:1      | Reached XP level 3. HP: 34/34 MP: 3/3
   931 | D:2      | Noticed Natasha
   958 | D:2      | HP: 1/34 [crimson imp[Natasha] (3)]
   958 | D:2      | Slain by Natasha

Vault maps used:
D:1:      dpeg_arrival_solitude
D:2:      uniq_natasha

Skill      XL: |  1  2  3 |
---------------+----------+-----
Axes           | 3 4 |  4.0
Fighting       | 4 |  4.5
Armour         | |  3.2
Shields        | |  3.2

Action                   || total
-------------------------++-------
Melee: War axe           ||   109
Armor: Scale mail        ||    71
Dodge: Dodged            ||    42
Block: Shield            ||    63

Table legend:
 A = Spawn XP
 B = Non-spawn XP
 C = Spawn XP percentage of total XP
 D = Spawn monster count
 E = Non-spawn monster count
 F = Spawn count percentage of total count
 G = Total turns spent on level
                    A         B        C        D         E        F      G
               +---------+---------+-------+---------+---------+-------+---------
         Total |       0 |      57 |   0.0 |       0 |      32 |   0.0 |   958
               +---------+---------+-------+---------+---------+-------+---------
           D:1 |       0 |      50 |   0.0 |       0 |      29 |   0.0 |   789
           D:2 |       0 |       7 |   0.0 |       0 |       3 |   0.0 |   169
               +---------+---------+-------+---------+---------+-------+---------
